AoeStats
← ImranAOE

Black Forest

509298465Analyzed
4v4 RM · 4d ago on Sep 26, 2026· 41m 42s· 8 players
Game mode
Random Map
Map size
Large (8 player)
Population
200
Speed
Normal
Resources
Standard
Victory
Conquest
Starting age
Dark Age
Ending age
Imperial Age
RankedLock teamsTeams togetherTeam positionsShared explorationLock speedFull tech treeHidden civsTurbo modeCheats
Victory
Defeat
🇭🇰 Danes · Hong Kong SAR China
1203
+13
🇲🇦 Malay · Morocco
1192
+13
1187
+13
🇧🇩 Portuguese · Bangladesh
1119
+17
🇩🇪 Persians · Germany
1144
-14
🇬🇧 Britons · United Kingdom
1136
-14
🇹🇷 Teutons · Türkiye
1125
-14
🇩🇪 Danes · Germany
1120
-14
Veit
0:29 Loom
13:35 Feudal Age
14:09 Double-Bit Axe
19:20 Castle Age
17:57 Fishing Lines
18:10 Stone Mining
20:29 Bow Saw
20:17 Gillnets
22:46 Wheelbarrow
24:52 Hand Cart
24:39 Town Watch
24:44 Horse Collar
26:19 Gold Mining
27:27 Heavy Plow
28:29 Gold Shaft Mining
28:30 Stone Shaft Mining
33:34 Imperial Age
33:12 Elite War Elephant
34:14 Conscription
34:11 Forging
34:07 Scale Barding Armor
35:22 Crop Rotation
35:56 Two-Man Saw
35:57 Iron Casting
36:38 Chain Barding Armor
36:41 Bloodlines
36:32 Husbandry
37:53 Blast Furnace
39:57 Plate Barding Armor
39:39 Town Patrol
39:56 Fletching
Der Betreuer
12:05 Feudal Age
13:32 Loom
16:18 Castle Age
15:08 Double-Bit Axe
15:20 Loom
16:12 Wheelbarrow
20:02 Horse Collar
22:15 Hand Cart
21:55 Fishing Lines
29:27 Hamask
30:18 Scale Mail Armor
30:29 Forging
30:09 Fletching
30:42 Gold Mining
34:57 Imperial Age
32:31 Heavy Plow
33:14 Chain Mail Armor
34:20 Bow Saw
35:04 Squires
34:24 Pikeman
34:50 Gambesons
34:51 Arson
34:54 Man-at-Arms
35:01 Onager
37:49 Chemistry
36:56 Siege Engineers
37:27 Plate Mail Armor
39:17 Conscription
38:20 Northmen's Fury
39:23 Conscription
39:29 Siege Onager
41:01 Halberdier
Ares xD
0:46 Loom
13:06 Feudal Age
15:18 Double-Bit Axe
16:23 Fletching
21:34 Castle Age
34:31 Fishing Lines
36:04 Bow Saw
36:43 Horse Collar
itsapencilcase
0:33 Loom
14:14 Feudal Age
16:57 Double-Bit Axe
19:39 Castle Age
17:24 Horse Collar
18:17 Fletching
25:53 Stone Mining
26:20 Stone Mining
28:19 Bow Saw
28:10 Heavy Plow
28:55 Fortified Wall
29:29 Bodkin Arrow
30:24 Masonry
30:19 Padded Archer Armor
31:34 Stone Shaft Mining
30:55 Gold Mining
31:54 Leather Archer Armor
33:30 Wheelbarrow
32:40 Town Watch
32:33 Elite Skirmisher
33:27 Guard Tower
DeepBlue_
10:02 Feudal Age
9:10 Loom
13:31 Man-at-Arms
18:27 Fletching
28:25 Castle Age
26:42 Double-Bit Axe
26:37 Horse Collar
27:30 Stone Mining
28:45 Wheelbarrow
28:59 Gold Mining
30:12 Bow Saw
35:25 Hand Cart
35:48 Heavy Plow
39:41 Masonry
42:04 Imperial Age
39:42 Pikeman
41:13 Halberdier
Perdoname por ser Noob
11:59 Feudal Age
16:17 Castle Age
14:32 Double-Bit Axe
17:39 Bow Saw
19:59 Fervor
23:32 Wheelbarrow
22:42 Loom
23:30 Fishing Lines
24:58 Gillnets
26:09 Hand Cart
27:55 Loom
28:03 Fletching
28:14 Padded Archer Armor
30:46 Imperial Age
28:04 Horse Collar
29:39 Chemistry
28:59 Ballistics
30:56 Bodkin Arrow
31:17 Leather Archer Armor
30:59 Murder Holes
31:14 Houfnice
33:20 Conscription
33:06 Wagenburg Tactics
33:06 Hussite Reforms
34:21 Bracer
34:52 Ring Archer Armor
40:02 Two-Man Saw
39:03 Heavy Plow
39:41 Siege Engineers
iceredtea256
8:26 Loom
10:28 Feudal Age
15:03 Castle Age
14:07 Double-Bit Axe
17:04 Gold Mining
17:31 Scale Mail Armor
17:58 Stone Mining
22:47 Fletching
23:11 Horse Collar
26:42 Fishing Lines
27:54 Bow Saw
31:14 Gillnets
31:26 Heavy Plow
33:39 Chain Mail Armor
34:47 Wheelbarrow
39:23 Imperial Age
37:47 Pikeman
39:48 Coinage
39:57 Forging
39:39 Halberdier
40:22 Squires
40:55 Plate Mail Armor
41:01 Arson
41:03 Gambesons
42:16 Iron Casting
ImranAOE
0:51 Loom
13:53 Feudal Age
16:33 Fletching
23:51 Castle Age
22:08 Double-Bit Axe
23:32 Horse Collar
25:07 Bow Saw
25:00 Heavy Plow
25:20 Bodkin Arrow
35:23 Ballistics
38:46 Imperial Age
37:13 Wheelbarrow
40:40 Chemistry
40:07 Conscription
40:47 Siege Engineers
41:58 Arquebus
Connection lost

Rejoining the realm…

Still unreachable

The connection could not be restored.

Session expired

The server has moved on; the page needs a fresh start.